 Dungeon Crawl Stone Soup version 0.27.0-1-g7a089689b8 (webtiles) character file.

Game seed: 18268072043962305467

3416 VictoriousLee the Cleaver (level 10, 0/70 HPs)
             Began as a Formicid Abyssal Knight on Aug 8, 2021.
             Was a Priest of Lugonu.
             Slain by a yak (11 damage)
             ... on level 7 of the Dungeon.
             The game lasted 00:50:24 (12804 turns).

VictoriousLee the Cleaver (FoAK)                   Turns: 12804, Time: 00:50:25

Health: 0/70       AC:  8    Str: 20    XL:     10   Next: 25%
Magic:  15/15      EV:  7    Int: 12    God:    Lugonu [***...]
Gold:   146        SH:  0    Dex: 10    Spells: 12/13 levels left

rFire    . . .     SeeInvis +   b - +3 mace (freeze)
rCold    . . .     Faith    .   (no shield)
rNeg     . . .     Spirit   .   i - +0 chain mail
rPois    .         Reflect  .   (helmet unavailable)
rElec    .         Harm     .   (no cloak)
rCorr    .         Rampage  .   (no gloves)
Will     +....                  (no boots)
Stlth    ..........             (no amulet)
HPRegen  0.21/turn              (no ring)
MPRegen  0.14/turn              (no ring)

@: no status effects
A: permanent stasis, dig shafts and tunnels, antennae 3, four strong arms
a: Dig, Shaft Self, Renounce Religion, Depart the Abyss, Bend Space, Banish


You were on level 7 of the Dungeon.
You worshipped Lugonu.
Lugonu was most pleased with you.
You visited 1 branch of the dungeon, and saw 8 of its levels.
You visited the Abyss 1 time.

You collected 285 gold pieces.
You spent 139 gold pieces at shops.

Inventory:

Hand Weapons
 a - a +3 hand axe
 b - a +3 mace of freezing (weapon)
 l - a +2 dagger of electrocution
 D - a +3 battleaxe
Missiles
 c - a throwing net
 d - 129 bolts
 h - 197 stones
 p - 100 arrows
 w - 25 poisoned darts
Armour
 e - a +0 plate armour
 i - a +0 chain mail (worn)
 n - a +0 scale mail
 B - a +0 leather armour
Jewellery
 v - a ring of ice
 z - a ring of ice
Scrolls
 j - 2 scrolls of enchant armour {unknown}
 m - 4 scrolls of teleportation {unknown}
 o - 2 scrolls of magic mapping {unknown}
 q - a scroll of fog
 r - 2 scrolls of vulnerability {unknown}
Potions
 f - a potion of cancellation
 g - 2 potions of flight
 k - a potion of attraction
 s - a potion of magic
 t - 3 potions of curing
 C - a potion of ambrosia {unknown}


   Skills:
 - Level 3.2 Fighting
 * Level 11.8 Axes
 - Level 2.1 Armour
 - Level 0.8 Dodging
 - Level 2.0 Spellcasting
 - Level 4.5 Earth Magic
 - Level 7.0 Invocations


You had 12 spell levels left.
You knew the following spells:

 Your Spells              Type           Power      Damage    Failure   Level
a - Sandblast             Erth           24%        2d8       43%         1

Your spell library contained the following spells:

 Spells                   Type           Power      Damage    Failure   Level
 Passwall                 Tmut/Erth      5%         N/A       87%         2
 Beastly Appendage        Tmut           2%         N/A       96%         1
 Corona                   Hex            1%         N/A       96%         1
 Ensorcelled Hibernation  Hex/Ice        2%         N/A       99%         2
 Wereblood                Tmut           1%         N/A       99%         2
 Dazzling Flash           Conj/Hex       2%         N/A       100%        3
 Frozen Ramparts          Ice            2%         1d2       100%        3
 Gell's Gravitas          Tloc           0%         N/A       100%        3
 Spider Form              Tmut/Pois      0%         N/A       100%        3
 Teleport Other           Tloc           1%         N/A       100%        3
 Tukima's Dance           Hex            1%         N/A       100%        3
 Ice Form                 Ice/Tmut       1%         N/A       100%        4
 Summon Ice Beast         Ice/Summ       1%         N/A       100%        4
 Agony                    Necr           1%         N/A       100%        5
 Freezing Cloud           Conj/Ice/Air   0%         6-21      100%        5
 Lee's Rapid Deconstruct  Erth           6%         3d7*      100%        5
 Silence                  Hex/Air        0%         N/A       100%        5
 Dispersal                Tloc           0%         N/A       100%        6
 Simulacrum               Ice/Necr       0%         N/A       100%        6
 Polar Vortex             Ice            0%         N/A       100%        9


Dungeon Overview and Level Annotations

Branches:
Dungeon (8/15)             Temple (0/1) D:5
   Lair: D:8-11

Altars:
Ashenzari
Dithmenos
Nemelex Xobeh
Qazlal
Ru
Wu Jian
Xom
The Shining One

Shops:
D:2 *   D:4 :!?   D:5 ?*

Annotations:
D:1 Terence
D:5 1 runed translucent door, exclusion: door, Crazy Yiuf


Innate Abilities, Weirdness & Mutations

You cannot be hasted, slowed, berserked, paralysed or teleported.
You can dig through walls and to a lower floor.
You have a pair of large antennae on your head. (SInv)
Your four strong arms can wield two-handed weapons with a shield.


Message History

HP restored.
Found a stone staircase leading down.
There is a stone staircase leading down here.
The deep elf pyromancer shouts!
The deep elf pyromancer mumbles some strange words.
The deep elf pyromancer blinks!
A deep elf pyromancer is nearby!
The yak bellows!
A yak comes into view.
The deep elf pyromancer gestures at you while chanting.
The sticky flame hits you.
You are covered in liquid flames!
You are covered in liquid flames!
You are covered in liquid flames!
The yak bellows!
You are covered in liquid flames!
You are no longer on fire.
The yak gores you but does no damage. The yak gores you!
There is a stone staircase leading up, spattered with blood here.
The yak gores you. The yak gores you but does no damage. The yak gores you.
You climb upwards.
There is a stone staircase leading down here.
You extend your mandibles.
You dig through the rock wall.
You dig through the rock wall.
Okay, then.
As you read the scroll of enchant weapon, it crumbles to dust.
Your +2 mace of freezing glows red for a moment.
You retract your mandibles.
You sock the yak! You freeze the yak.
The yak is moderately wounded.
The yak gores you!
* * * LOW HITPOINT WARNING * * *
You sock the yak! You freeze the yak.
The yak is heavily wounded.
The yak gores you!
* * * LOW HITPOINT WARNING * * *
You sock the yak! You freeze the yak.
The yak is almost dead.
The yak gores you!
You die...

###....# #......#
#...####
######...#########
#Y................
#Y########.#######
##{................
#Y#######.#.#######
###@######.#.# #
#........#.#)#######
###.######.#.#.##.....
#..........#.#........
#.....######.#........
#..................###
#....#######.#.....#
#.........)..#######
#....#########


You could see a yak.

Vanquished Creatures
  4 yaks
  An ice beast (D:5)
  A sky beast (D:7)
  An ogre (D:5)
  2 centaurs
  2 phantoms (D:4)
  A kobold brigand (D:8)
  Blork the orc (D:4)
  3 bullfrogs
  3 scorpions
  A water moccasin skeleton (D:7)
  4 wights
  A bullfrog zombie (D:5)
  3 bullfrog skeletons
  A hound (D:6)
  2 orc priests
  A jelly (D:7)
  Jessica (D:2)
  Natasha (thrice) (D:2)
  3 iguanas
  2 orc wizards
  A killer bee zombie (D:6)
  8 adders
  4 white imps
  3 worms (D:3)
  7 dart slugs
  11 orcs
  7 endoplasms
  7 giant cockroaches
  5 goblins
  12 hobgoblins
  19 jackals
  13 kobolds
  2 quokkas (D:4)
  3 ball pythons
  7 bats
  A frilled lizard (D:3)
  4 rats
  A butterfly (D:5)
156 creatures vanquished.

Vanquished Creatures (collateral kills)
  2 kobolds (D:8)
2 creatures vanquished.

Vanquished Creatures (others)
  2 plants (D:1)
2 creatures vanquished.

Grand Total: 160 creatures vanquished

Notes
Turn   | Place    | Note
-------+----------+-------------------------------------------
     0 | Abyss:1  | VictoriousLee the Formicid Abyssal Knight began the quest
                  | for the Orb.
     0 | Abyss:1  | Reached XP level 1. HP: 18/18 MP: 2/2
    54 | D:1      | Escaped the Abyss
   476 | D:1      | Reached XP level 2. HP: 22/24 MP: 3/3
   478 | D:1      | Learned a level 1 spell: Sandblast
   561 | D:1      | Reached skill level 1 in Spellcasting
   630 | D:1      | Found a faded altar of an unknown god.
   653 | D:1      | Reached XP level 3. HP: 27/29 MP: 4/4
   724 | D:1      | Reached skill level 3 in Axes
   933 | D:1      | Reached ** piety under Lugonu
  1637 | D:2      | Noticed Terence
  1971 | D:2      | Reached XP level 4. HP: 30/35 MP: 6/6
  1987 | D:2      | Found Xenoesih's Assorted Antiques.
  2502 | D:2      | Noticed Jessica
  2509 | D:2      | Killed Jessica
  2510 | D:2      | Reached skill level 1 in Earth Magic
  2518 | D:2      | Noticed Natasha
  2528 | D:2      | Killed Natasha
  2529 | D:2      | Reached XP level 5. HP: 14/41 MP: 6/8
  2610 | D:2      | Noticed Natasha
  2619 | D:2      | Killed Natasha
  2620 | D:2      | Reached skill level 4 in Axes
  2885 | D:2      | Noticed Natasha
  2899 | D:2      | Killed Natasha
  3167 | D:2      | Found a broken altar of Ashenzari.
  3204 | D:2      | Found a stormy altar of Qazlal.
  3229 | D:2      | Reached XP level 6. HP: 35/47 MP: 9/9
  3853 | D:3      | Reached skill level 5 in Axes
  4174 | D:3      | Found a glowing golden altar of the Shining One.
  4191 | D:3      | Reached *** piety under Lugonu
  4457 | D:3      | Found an ornate altar of the Wu Jian Council.
  4629 | D:4      | Found Tahas's Magic Scroll Emporium.
  4632 | D:4      | Bought a scroll of identify for 28 gold pieces
  4636 | D:4      | Bought a scroll of identify for 28 gold pieces
  4636 | D:4      | Bought a scroll of fog for 28 gold pieces
  4643 | D:4      | Noticed Blork the orc
  4663 | D:4      | Killed Blork the orc
  4664 | D:4      | Reached skill level 6 in Axes
  4664 | D:4      | Reached XP level 7. HP: 27/52 MP: 10/10
  5352 | D:4      | Found Giperoedd's Distillery.
  5458 | D:4      | Found Zikhlan's Book Boutique.
  5875 | D:4      | Bought a potion of heal wounds for 55 gold pieces
  5918 | D:5      | Entered Level 5 of the Dungeon
  6104 | D:5      | Reached skill level 7 in Axes
  6238 | D:5      | Found a shadowy altar of Dithmenos.
  6255 | D:5      | Found a sacrificial altar of Ru.
  6421 | D:5      | Found Jurphe's General Store.
  6473 | D:5      | Found a shimmering altar of Xom.
  6534 | D:5      | Reached XP level 8. HP: 58/58 MP: 8/11
  6649 | D:5      | Found a sparkling altar of Nemelex Xobeh.
  6933 | D:5      | Found Astraishu's Magic Scroll Emporium.
  7072 | D:5      | Found a runed translucent door.
  7073 | D:5      | Noticed Crazy Yiuf
  7270 | D:5      | Found a staircase to the Ecumenical Temple.
  7453 | D:6      | Reached skill level 8 in Axes
  7453 | D:6      | Reached skill level 5 in Invocations
  7768 | D:6      | Noticed a yak
  7768 | D:6      | Noticed a yak
  7768 | D:6      | Noticed a yak
  7799 | D:6      | Killed a yak
  7816 | D:6      | Killed a yak
  7827 | D:6      | Killed a yak
  7828 | D:6      | Reached XP level 9. HP: 41/64 MP: 13/13
  8140 | D:6      | Reached skill level 9 in Axes
 10547 | D:7      | Reached skill level 10 in Axes
 11714 | D:8      | Noticed a deep elf pyromancer
 12141 | D:8      | Noticed a centaur warrior
 12221 | D:8      | Banished a centaur warrior
 12222 | D:8      | Reached skill level 11 in Axes
 12222 | D:8      | Reached XP level 10. HP: 16/70 MP: 10/15
 12804 | D:7      | Slain by a yak

Illustrated notes

Levels and vault maps discovered:
D:1:      matt_arrival_los_fun, layout_basic,
          hellmonk_ecumenical_altar_dog_temple, serial_forest,
          infiniplex_forest_clump_double, infiniplex_forest_straight_3,
          infiniplex_forest_side_room, infiniplex_forest_lined_room_2,
          infiniplex_forest_pool, infiniplex_forest_pool,
          infiniplex_forest_clump_small, item_on_display_a
D:2:      layout_loops_ring, serial_shops, nicolae_shop_statue_plus,
          basic_altar, grunt_ministairs_12, minmay_hexomino_r4, uniq_jessica,
          uniq_natasha, uniq_terence
D:3:      layout_rooms, tso_metal_star, pf_just_have_faith
D:4:      layout_rooms, serial_shops, nicolae_lakefront_shop, shop,
          nicolae_shop_behind_doors, uniq_blork_the_orc
D:5:      layout_loops_corners, lemuel_doored_altar, nemelex_dance_club_becter,
          mainiacjoe_overflow_large_starburst, minmay_temple_entry_butterflies,
          serial_shops, nicolae_stop_n_shop_2, shop, st_stairs_14,
          uniq_crazy_yiuf_cottage
D:6:      layout_basic
D:7:      layout_basic
D:8:      layout_loops_ring, minmay_puff

Skill      XL: |  1  2  3  4  5  6  7  8  9 |
---------------+----------------------------+-----
Spellcasting   | 1 2 |  2.0
Axes           | 3 4 6 7 8 11 | 11.8
Earth Magic    | 1 2 3 4 |  4.5
Invocations    | 4 5 7 |  7.0
Fighting       | |  3.2
Armour         | |  2.1
Dodging        | |  0.8

Action                   |  1- 3 |  4- 6 |  7- 9 | 10-12 || total
-------------------------+-------+-------+-------+-------++-------
Melee: Hand axe          |    93 |   218 |   375 |       ||   686
       Mace              |       |       |    66 |    12 ||    78
 Cast: Sandblast         |       |     3 |     3 |       ||     6
Invok: Banish            |       |       |     3 |       ||     3
 Abil: Dig               |       |     1 |     3 |     1 ||     5
  Use: Scroll            |     3 |     4 |     9 |     1 ||    17
       Potion            |       |     1 |     5 |       ||     6
Armor: Leather armour    |    22 |    17 |       |       ||    39
       Chain mail        |       |    83 |   145 |    10 ||   238
       Skin              |       |    10 |    32 |       ||    42
Dodge: Dodged            |    47 |    98 |   101 |     5 ||   251
